 Dungeon Crawl Stone Soup version 0.22.1-2-g9c5b331383 (webtiles) character file.

1476703 Toogi the Conqueror (level 27, 249/249 HPs)
             Began as a Formicid Chaos Knight on Dec 4, 2018.
             Was the Champion of Okawaru.
             Escaped with the Orb
             ... and 3 runes on Dec 6, 2018!
             The game lasted 04:05:25 (100572 turns).

Toogi the Conqueror (Formicid Chaos Knight)       Turns: 100572, Time: 04:05:26

Health: 249/249    AC: 37    Str: 27    XL:     27
Magic:  25/25      EV: 12    Int: 12    God:    Okawaru [******]
Gold:   4055       SH: 12    Dex: 10    Spells: 26/26 levels left

rFire    + + .     SeeInvis +   Q - +9 battleaxe (elec)
rCold    + . .     Gourm    .   i - +0 shield "Loeddeh" {rElec MR+++ Dex+2 SInv}
rNeg     . . .     Faith    +   U - +3 crystal plate armour of the Ecumenical Temple {rF+ rCorr}
rPois    +         Spirit   +   (helmet unavailable)
rElec    +         Reflect  .   a - scarf {Spirit}
rCorr    +         Harm     .   L - +2 pair of gloves {Str+3}
MR       +++++                  O - +2 pair of boots
Stlth    ..........             l - amulet of faith
HPRegen  0.51/turn              X - ring of protection from fire
MPRegen  0.19/turn              q - +6 ring of slaying

@: no status effects
A: permanent stasis, dig shafts and tunnels, four strong arms, antennae 3,
blurry vision 3, clumsy 1, cold resistance 1, deterioration 1, dopey 1, low mp
3, poison resistance, weak 2, MP-powered wands
0: Orb of Zot
}: 3/15 runes: decaying, slimy, gossamer
a: Dig, Shaft Self, Heroism, Finesse, Renounce Religion


You escaped.
You worshipped Okawaru.
Okawaru was exalted by your worship.
You were not hungry.

You visited 10 branches of the dungeon, and saw 53 of its levels.
You visited the Abyss 2 times.
You visited 1 bazaar.
You also visited: Trove and Ice Cave.

You collected 8402 gold pieces.
You spent 4347 gold pieces at shops.

Inventory:

Hand Weapons
 h - a +4 executioner's axe of flaming
 Q - a +9 battleaxe of electrocution (weapon)
Missiles
 k - 4 throwing nets
Armour
 a - a scarf of spirit shield (worn)
 i - the +0 shield "Loeddeh" (worn) {rElec MR+++ Dex+2 SInv}
   (Okawaru gifted it to you on level 3 of the Spider Nest)

   It affects your dexterity (+2).
   It insulates you from electricity.
   It affects your resistance to hostile enchantments.
   It lets you see invisible.
 L - a +2 pair of gloves of strength (worn)
 O - a +2 pair of boots (worn)
 S - the +4 crystal plate armour of Ankuusite {rC+ Int+4}
   (Okawaru gifted it to you on level 2 of the Depths)

   It affects your intelligence (+4).
   It protects you from cold.
 U - the +3 crystal plate armour of the Ecumenical Temple (worn) {rF+ rCorr}
   (Okawaru gifted it to you on level 5 of the Realm of Zot)

   It protects you from fire.
   It provides partial protection from all sources of acid and corrosion.
Jewellery
 l - an amulet of faith (around neck)
 q - a +6 ring of slaying (right hand)
 y - an uncursed ring of protection from cold
 J - an uncursed ring of protection from fire
 N - an uncursed ring of wizardry
 X - a ring of protection from fire (left hand)
Wands
 d - a wand of clouds (18)
 g - a wand of digging (14)
 v - a wand of iceblast (46)
 x - a wand of acid (2)
 z - a wand of enslavement (7)
 C - a wand of disintegration (25)
 D - a wand of flame (113)
 K - a wand of paralysis (50)
Scrolls
 e - 14 scrolls of enchant weapon
 f - 4 scrolls of identify
 o - 3 scrolls of enchant armour
 p - 2 scrolls of summoning
 A - 2 scrolls of brand weapon
 B - 2 scrolls of silence
 G - a scroll of magic mapping
 M - 2 scrolls of fog
 R - 8 scrolls of fear
 T - 23 scrolls of remove curse
Potions
 b - 6 potions of invisibility
 j - 7 potions of mutation
 m - 10 potions of flight
 t - a potion of agility
 u - 6 potions of heal wounds
 E - 9 potions of lignification
 I - 5 potions of curing
 W - 5 potions of cancellation
 Z - 5 potions of ambrosia
Miscellaneous
 n - a phial of floods
 r - a fan of gales
 s - 4 sacks of spiders
 w - a lightning rod (4/4)
 F - a lamp of fire (inert)
 P - 3 boxes of beasts
 Y - 4 phantom mirrors
Comestibles
 c - 65 rations


   Skills:
 O Level 27 Fighting
 O Level 27 Axes
 - Level 20.3 Armour
 + Level 14.5 Dodging
 - Level 10.0 Shields
 - Level 19.0 Invocations
 - Level 16.4 Evocations


You had 26 spell levels left.
You didn't know any spells.
Your spell library contained the following spells:

 Spells                   Type           Power        Failure   Level  Hunger
 Animate Skeleton         Necr           N/A          99%         1    ##.....
 Apportation              Tloc           #.....       99%         1    ##.....
 Beastly Appendage        Tmut           #.....       99%         1    ##.....
 Confusing Touch          Hex            #.....       99%         1    ##.....
 Freeze                   Ice            #...         99%         1    ##.....
 Pain                     Necr           #...         99%         1    ##.....
 Sting                    Conj/Pois      #...         99%         1    ##.....
 Summon Butterflies       Summ           #.......     99%         1    ##.....
 Summon Small Mammal      Summ           #...         99%         1    ##.....
 Ensorcelled Hibernation  Hex/Ice        #.....       99%         2    ###....
 Passwall                 Tmut/Erth      #.......     99%         2    ###....
 Poisonous Vapours        Pois/Air       #.....       99%         2    ###....
 Sticks to Snakes         Tmut           #.......     99%         2    ###....
 Sublimation of Blood     Necr           #.........   99%         2    ###....
 Swiftness                Chrm/Air       #.......     99%         2    ###....
 Throw Frost              Conj/Ice       #.....       99%         2    ###....
 Confuse                  Hex            #.......     100%        3    ####...
 Conjure Flame            Conj/Fire      #.......     100%        3    ####...
 Gell's Gravitas          Tloc           #.........   100%        3    ####...
 Mephitic Cloud           Conj/Pois/Air  #.......     100%        3    ####...
 Ozocubu's Armour         Chrm/Ice       #.......     100%        3    ####...
 Recall                   Summ/Tloc      N/A          100%        3    ####...
 Regeneration             Chrm/Necr      #.........   100%        3    ####...
 Spider Form              Tmut/Pois      #.........   100%        3    ####...
 Summon Guardian Golem    Hex/Summ       #.......     100%        3    ####...
 Tukima's Dance           Hex            #.......     100%        3    ####...
 Vampiric Draining        Necr           #.........   100%        3    ####...
 Animate Dead             Necr           N/A          100%        4    #####..
 Cause Fear               Hex            #.........   100%        4    #####..
 Fulminant Prism          Conj/Hex       #.........   100%        4    #####..
 Ice Form                 Ice/Tmut       #.......     100%        4    #####..
 Olgreb's Toxic Radiance  Pois           #.......     100%        4    #####..
 Petrify                  Tmut/Erth      #.......     100%        4    #####..
 Summon Ice Beast         Ice/Summ       #.......     100%        4    #####..
 Throw Icicle             Conj/Ice       #.......     100%        4    #####..
 Aura of Abjuration       Summ           #.........   100%        5    ######.
 Blade Hands              Tmut           #.........   100%        5    ######.
 Bolt of Magma            Conj/Fire/Erth #.........   100%        5    ######.
 Borgnjor's Vile Clutch   Necr/Erth      #.........   100%        5    ######.
 Dispel Undead            Necr           #.......     100%        5    ######.
 Iskenderun's Battlesphe  Conj/Chrm      #.......     100%        5    ######.
 Lee's Rapid Deconstruct  Erth           #.........   100%        5    ######.
 Lightning Bolt           Conj/Air       #.........   100%        5    ######.
 Metabolic Englaciation   Hex/Ice        #.........   100%        5    ######.
 Silence                  Hex/Air        #.........   100%        5    ######.
 Summon Mana Viper        Hex/Summ       #.......     100%        5    ######.
 Venom Bolt               Conj/Pois      #.........   100%        5    ######.
 Yara's Violent Unravell  Hex/Tmut       #.........   100%        5    ######.
 Bolt of Cold             Conj/Ice       #.........   100%        6    #######
 Darkness                 Hex            #.........   100%        6    #######
 Death Channel            Necr           #.........   100%        6    #######
 Deflect Missiles         Chrm/Air       #.........   100%        6    #######
 Freezing Cloud           Conj/Ice/Air   #.........   100%        6    #######
 Invisibility             Hex            #.......     100%        6    #######
 Iron Shot                Conj/Erth      #.........   100%        6    #######
 Ozocubu's Refrigeration  Ice            #.........   100%        6    #######
 Shadow Creatures         Summ           N/A          100%        6    #######
 Simulacrum               Ice/Necr       #.........   100%        6    #######
 Malign Gateway           Summ/Tloc      #.........   100%        7    #######
 Monstrous Menagerie      Summ           #.........   100%        7    #######
 Orb of Destruction       Conj           #.........   100%        7    #######
 Ring of Flames           Chrm/Fire      #.........   100%        7    #######
 Spellforged Servitor     Conj/Summ      #.........   100%        7    #######
 Summon Greater Demon     Summ           #.........   100%        7    #######
 Discord                  Hex            #.........   100%        8    #######
 Summon Horrible Things   Summ           #.........   100%        8    #######
 Tornado                  Air            #.........   100%        9    #######
 Passage of Golubria      Tloc           Unusable     N/A         4    N/A

Dungeon Overview and Level Annotations

Branches:
Dungeon (15/15)            Temple (0/1) D:5            Lair (6/6) D:8
  Swamp (4/4) Lair:4       Spider (4/4) Lair:4        Slime (5/5) Lair:6
    Orc (2/2) D:12            Elf (3/3) Orc:2        Vaults (4/5) D:14
  Crypt (0/3) Vaults:3     Depths (5/5) D:15            Zot (5/5) Depths:5

Altars:
Ashenzari
Cheibriados
Fedhas
Nemelex Xobeh
Okawaru
Qazlal
Ru
Sif Muna
Uskayaw
Vehumet
Wu Jian
Xom
Yredelemnul
The Shining One
Beogh
Jiyva

Shops:
D:6 [   D:8 =   D:14 (   Orc:2 (*}[   Vaults:1 (   Vaults:2 !   Vaults:3 !
Depths:1 (:*

Portals:
Hell: Depths:1 Depths:2 Depths:3 Depths:4 Depths:5
Abyss: Depths:1 Depths:4
Pandemonium: Depths:1 Depths:3
Ziggurat: Depths:2
Bazaar: D:13

Annotations:
D:2 2 transporters
D:15 3 runed doors, BushDid911's ghost, adept HuFi
Lair:3 exclusion: oklob plant
Swamp:1 1 runed door
Spider:2 exclusion: downstairs
Slime:3 exclusions: great orb of eyes and upstairs
Slime:5 exclusion: upstairs
Zot:4 3 transporters, Flure's ghost, legendary DEFE


Innate Abilities, Weirdness & Mutations

You cannot be hasted, slowed, berserked, paralysed or teleported.
You can dig through walls and to a lower floor.
Your four strong arms can wield two-handed weapons with a shield.
You have a pair of large antennae on your head. (SInv)
Scrolls take you much longer to read.
You are clumsy. (Dex -2)
Your flesh is cold resistant. (rC+)
Your body sometimes deteriorates upon taking damage.
You are dopey. (Int -2)
Your magical capacity is extremely low. (-30% MP)
Your system is resistant to poisons. (rPois)
You are very weak. (Str -4)
You expend magic power (3 MP) to strengthen your wands.


Message History

The kobold barely misses your rat.
Send 'em back where they came from!
Your rat shudders.
Your rat completely misses the sixfirhy.
The sixfirhy closely misses your rat. The sixfirhy hits your rat!
Your rat dies!
Your rat's corpse dissolves into shadows!
The shadow demon gestures.
The sixfirhy disappears in a puff of smoke!
You extend your mandibles.
You dig through the rock wall.
You dig through the rock wall.
You dig through the rock wall.
You dig through the rock wall.
You block the ice devil's attack.
You retract your mandibles.
There is a fountain of clear blue water here.
There is an open door here.
The shadow demon gestures.
There is a staircase leading out of the dungeon here.
You have escaped!

##'## #.>## ##'##
##...######...######...##
#...........2...........#
#..⌠........⌠g.......⌠..#
#.......................#
##...######...######...##
##### #####'##### #####
##....4....##
#..♣..@..♣..#
##.........## ###########


You could see a shadow demon, an ice devil and a hobgoblin.

Vanquished Creatures
  the Royal Jelly (Slime:5)
  6 orbs of fire
  12 ancient liches (Zot:5)
  3 juggernauts
  Frederick (Depths:3)
  the Lernaean hydra (Swamp:4)
  Margery (Vaults:3)
  4 caustic shrikes (Depths:3)
  Saint Roka (Vaults:4)
  5 Killer Klowns
  Xtahua (Vaults:4)
  3 golden dragons
  2 curse toes (Zot:4)
  Arachne (Spider:3)
  A bone dragon (Depths:5)
  A Brimstone Fiend (D:3)
  4 electric golems
  5 liches
  2 deep elf master archers (Elf:3)
  A Hell Sentinel (Depths:2)
  A titan (Depths:2)
  3 deep elf blademasters
  28 Orb Guardians
  15 tentacled monstrosities
  4 quicksilver dragons
  14 acid blobs
  3 tentacled starspawn
  2 Executioners
  4 death cobs
  2 tengu reavers
  3 thorn hunters
  4 sphinxes
  12 shadow dragons
  16 storm dragons
  Donald (Orc:2)
  Kirke (Lair:6)
  8 fire giants
  9 draconian monks
  10 azure jellies
  5 iron dragons
  7 draconian knights
  8 emperor scorpions
  A daeva (Abyss:2)
  Louise (D:14)
  7 vault wardens
  6 frost giants
  5 ghost moths
  6 deep elf elementalists
  5 draconian shifters
  A balrug (Depths:3)
  4 deep elf sorcerers (Elf:3)
  3 draconian scorchers
  A curse skull (Vaults:3)
  2 draconian annihilators
  5 draconian stormcallers
  8 ironheart preservers
  19 stone giants
  9 very ugly things
  4 entropy weavers
  A spriggan defender (Depths:3)
  13 green draconians
  2 deep elf demonologists (Elf:3)
  4 vampire knights
  Nessos (Lair:6)
  3 deep elf annihilators
  7 purple draconians
  15 black draconians
  8 spark wasps
  11 red draconians
  14 white draconians
  20 yellow draconians
  A merfolk javelineer (Depths:4)
  Snorg (Lair:6)
  A green death (Abyss:4)
  8 deep elf death magi
  A quicksilver dragon zombie (Abyss:4)
  7 death oozes
  12 yaktaur captains
  A merfolk impaler (Depths:4)
  11 fire dragons
  24 ettins
  12 great orbs of eyes
  19 hydras
  3 deep elf high priests (Elf:3)
  Erolcha (Orc:2)
  2 rakshasas
  Fannar (Lair:2)
  12 ice dragons
  3 vault guards
  2 spriggan air magi (Depths:3)
  Erica (D:11)
  A catoblepas (Lair:6)
  6 centaur warriors
  2 death knights
  16 alligators
  12 death yaks
  19 dancing weapons
  2 vampire magi (Depths:2)
  3 tengu warriors
  14 ogre magi
  49 two-headed ogres
  Urug (D:13)
  2 titan zombies (Depths:4)
  13 deep troll earth magi
  6 orc high priests
  3 thrashing horrors (Abyss:4)
  11 deep troll shamans
  6 spriggan berserkers
  21 deep elf knights
  3 sun demons
  Sonja (Orc:2)
  5 iron trolls
  3 skeletal warriors (D:14)
  9 hell knights
  A sixfirhy (Abyss:4)
  2 wretched stars (Abyss:4)
  3 shadow wraiths
  10 large abominations
  6 spriggan druids
  33 deep trolls
  4 glowing orange brains
  5 flayed ghosts
  5 wizards
  6 unseen horrors
  15 swamp dragons
  An orange crystal statue (Vaults:3)
  A shambling mangrove (Swamp:4)
  13 deep elf archers
  A lindwurm (shapeshifter) (Elf:1)
  25 orb spiders
  16 ironbrand convokers
  A gelid demonspawn (Depths:3)
  An orb spider (shapeshifter) (Depths:2)
  16 orc knights
  2 stone giant zombies (Depths:4)
  Pikel (D:7)
  5 harpies
  12 necromancers
  25 wolf spiders
  10 shining eyes
  11 orc sorcerers
  53 deep elf magi
  A manticore (D:13)
  22 moths of wrath
  A wolf spider (shapeshifter) (Elf:3)
  30 ugly things
  5 cyclopes
  11 elephants
  An elephant (shapeshifter) (Depths:2)
  Joseph (D:9)
  A rust devil (D:3)
  4 black mambas
  An orange demon (Depths:3)
  9 vault sentinels
  Maurice (D:7)
  An ice statue (IceCv)
  A smoke demon (D:12)
  2 torpor snails
  3 eyes of devastation
  Psyche (D:8)
  A gargoyle (D:14)
  2 spiny frogs (shapeshifter)
  27 spiny frogs
  5 hellwings
  3 rime drakes
  5 freezing wraiths
  4 komodo dragons
  9 demonic crawlers
  41 yaktaurs
  4 efreet
  An ancient zyme (Abyss:4)
  2 ice devils
  2 queen bees
  25 polar bears
  A queen bee (shapeshifter) (Vaults:1)
  8 trolls
  27 jumping spiders
  A hippogriff (shapeshifter) (Depths:5)
  23 hornets
  A meliai (shapeshifter) (Abyss:4)
  Prince Ribbit (D:7)
  4 bog bodies
  4 raiju (Abyss:4)
  A raiju (shapeshifter) (Abyss:2)
  17 tyrant leeches
  15 blink frogs
  6 hippogriffs
  110 slime creatures
  A frost giant simulacrum (Vaults:1)
  3 dream sheep (Lair:3)
  21 flying skulls (D:14)
  2 blink frogs (shapeshifter)
  A meliai zombie (D:15)
  11 starcursed masses (Abyss:4)
  3 shadows
  8 water elementals
  4 air elementals
  A yak (shapeshifter) (Depths:4)
  21 spriggans
  A centaur simulacrum (D:15)
  18 tarantellas
  2 wyverns
  4 wraiths
  77 redbacks
  2 ynoxinuls
  2 hogs (Lair:6)
  A fire elemental (Elf:3)
  13 golden eyes
  53 yaks
  4 basilisks
  2 humans (shapeshifter)
  19 humans
  A chaos spawn (D:3)
  42 vampire mosquitoes
  11 small abominations
  4 hungry ghosts
  10 insubstantial wisps
  7 wargs
  19 swamp worms
  2 acid dragons
  2 soldier ants (shapeshifter)
  A floating eye (shapeshifter) (D:14)
  10 porcupines
  17 water moccasins
  A floating eye (Depths:5)
  47 orc warriors
  3 sky beasts
  14 swamp drakes
  3 slaves (D:7)
  A black bear (shapeshifter) (Elf:1)
  2 black bears
  7 ice beasts
  A phantom (D:14)
  8 eyes of draining
  8 boggarts
  7 necrophages
  7 centaurs
  38 ogres
  38 wolves
  11 crocodiles
  3 big kobolds
  2 elf zombies (Elf:1)
  30 bullfrogs
  2 gnoll sergeants
  A glowing shapeshifter simulacrum (Vaults:2)
  An earth elemental (Elf:1)
  4 scorpions
  46 killer bees
  15 wights
  3 bullfrog zombies
  8 electric eels
  2 howler monkeys
  9 crimson imps
  5 centaur zombies
  3 jellies
  A bullfrog skeleton (D:11)
  4 centaur skeletons
  6 hounds
  2 quasits
  16 orc priests
  An iron imp (D:14)
  3 iguanas (D:4)
  24 orc wizards
  10 worker ants
  2 human simulacra (D:9)
  A hound zombie (D:8)
  2 hound skeletons
  16 gnolls
  6 adders
  A shadow imp (D:13)
  A white imp (Abyss:4)
  2 ufetubi (Abyss:4)
  An adder zombie (D:7)
  An adder skeleton (D:5)
  6 worms
  2 dart slugs
  6 leopard geckos
  121 orcs
  A ball python (D:3)
  6 bats
  5 giant cockroaches
  9 goblins
  8 hobgoblins
  8 jackals
  20 kobolds
  3 quokkas
  11 frilled lizards
  A giant cockroach zombie (D:6)
  A goblin skeleton (D:4)
  3 goblin zombies (D:4)
  A hobgoblin zombie (D:4)
  2 kobold skeletons (D:4)
  2 kobold zombies (D:4)
  An orc skeleton (D:4)
  A quokka skeleton (D:4)
  7 rats
  3 bushes (Elf:2)
  A crawling corpse (Elf:1)
  4 fungi
  A lurking horror (Abyss:4)
  18 plants
  5 starspawn tentacles
2550 creatures vanquished.

Vanquished Creatures (collateral kills)
  A jumping spider (Spider:4)
  A redback (Spider:4)
2 creatures vanquished.

Vanquished Creatures (others)
  A fire giant (Vaults:3)
  A great orb of eyes (Depths:3)
  An ugly thing (Depths:1)
  A moth of wrath (Zot:5)
  A yaktaur (Depths:1)
  A vampire mosquito (Swamp:4)
  4 humans (Lair:6)
  An acid dragon (Zot:1)
  A slave (D:8)
  2 ogres
  A killer bee (D:8)
  An orc priest (D:9)
  An ufetubus (Zot:5)
  2 orcs
  15 fungi
  57 plants
  3 starspawn tentacles
94 creatures vanquished.

Grand Total: 2646 creatures vanquished

Notes
Turn   | Place    | Note
-------+----------+-------------------------------------------
     0 | D:1      | Toogi the Formicid Chaos Knight began the quest for the
                  | Orb.
     0 | D:1      | Reached XP level 1. HP: 18/18 MP: 1/1
    19 | D:1      | Noticed a swamp drake
    19 | D:1      | an ooze changed into a swamp drake
    28 | D:1      | XOM: potion effect (curing)
    29 | D:1      | XOM: butterfly on damage
    31 | D:1      | XOM: divination: magic mapping
    32 | D:1      | Killed a swamp drake
    32 | D:1      | Reached XP level 2. HP: 12/25 MP: 2/2
    32 | D:1      | Reached XP level 3. HP: 15/30 MP: 3/3
    32 | D:1      | Reached XP level 4. HP: 18/37 MP: 4/4
   271 | D:1      | Reached XP level 5. HP: 42/42 MP: 5/5
   701 | D:1      | Found a shattered altar of Ashenzari.
   729 | D:1      | XOM: harmless Summ miscast
   881 | D:2      | Found a shimmering altar of Xom.
   884 | D:2      | Noticed an ogre
   892 | D:2      | XOM: harmless Ice miscast
   895 | D:2      | Noticed a bullfrog
   901 | D:2      | Killed an ogre
   901 | D:2      | Reached XP level 6. HP: 19/49 MP: 6/6
   905 | D:2      | XOM: divination: magic mapping
  1106 | D:2      | Found a transporter.
  1162 | D:2      | Found a transporter.
  1371 | D:2      | XOM: harmless Necr miscast
  1492 | D:2      | XOM: harmless Necr miscast
  1707 | D:3      | Found an iron altar of Okawaru.
  1750 | D:3      | Fell from the grace of Xom
  1750 | D:3      | Became a worshipper of Warmaster Okawaru
  2004 | D:3      | XOM: summons 1 hostile demon
  2442 | D:3      | Reached skill level 1 in Invocations
  2569 | D:4      | Reached XP level 7. HP: 55/55 MP: 7/7
  2616 | D:4      | Found a basalt altar of Yredelemnul.
  2670 | D:4      | Reached skill level 5 in Fighting
  2914 | D:4      | Found a glowing golden altar of the Shining One.
  3118 | D:4      | Reached * piety under Okawaru
  3168 | D:4      | XOM: noise
  3331 | D:3      | XOM: noise
  3348 | D:3      | XOM: medium Tmut miscast
  3471 | D:3      | XOM: summons 10 hostile demons
  3488 | D:3      | XOM: mild Hex miscast
  3895 | D:4      | Reached XP level 8. HP: 51/63 MP: 10/10
  4078 | D:5      | Entered Level 5 of the Dungeon
  4312 | D:5      | Reached skill level 5 in Axes
  4378 | D:5      | Found a staircase to the Ecumenical Temple.
  4430 | D:5      | XOM: mild Summ miscast
  4455 | D:5      | Found a blossoming altar of Fedhas.
  4649 | D:5      | Reached skill level 5 in Armour
  4917 | D:5      | XOM: summons 1 hostile shadow creature
  4980 | D:6      | Reached ** piety under Okawaru
  5189 | D:4      | XOM: severe Air miscast
  5244 | D:4      | XOM: stat loss: -3 Int (9/12)
  5901 | D:6      | Reached XP level 9. HP: 58/69 MP: 12/12
  6146 | D:6      | Found Xitoym's Antique Armour Shoppe.
  6188 | D:6      | Reached *** piety under Okawaru
  6260 | D:6      | Bought a brightly glowing chain mail for 180 gold pieces
  6285 | D:6      | Identified the cursed +1 chain mail of the Blind Marksman
                  | {MR+} (You bought it in a shop on level 6 of the Dungeon)
  6342 | D:6      | Reached skill level 5 in Invocations
  6705 | D:6      | XOM: divination: detect creatures
  6740 | D:6      | Found an ornate altar of the Wu Jian Council.
  6805 | D:6      | XOM: mild Fire miscast
  6967 | D:7      | Reached skill level 5 in Dodging
  7092 | D:7      | XOM: noise
  7607 | D:7      | XOM: silly message
  7621 | D:7      | Reached **** piety under Okawaru
  7621 | D:7      | Reached skill level 1 in Evocations
  7842 | D:7      | XOM: harmless Hex miscast
  8203 | D:8      | Noticed Psyche
  8426 | D:8      | Found a snail-covered altar of Cheibriados.
  8427 | D:8      | Noticed Maurice
  8427 | D:8      | Noticed Pikel
  8464 | D:7      | Killed Maurice
  8464 | D:7      | Reached XP level 10. HP: 79/79 MP: 14/14
  8988 | D:7      | Killed Pikel
  9346 | D:7      | XOM: medium Fire miscast
  9897 | D:8      | Found a stormy altar of Qazlal.
  9901 | D:8      | Reached ***** piety under Okawaru
 10460 | D:8      | Noticed Prince Ribbit
 10490 | D:7      | Killed Prince Ribbit
 10490 | D:7      | Received a gift from Okawaru
 10510 | D:7      | Got a slimy troll leather armour {god gift}
 10576 | D:7      | Identified the +1 troll leather armour of Perfidy {Regen+
                  | rCorr Str+2} (Okawaru gifted it to you on level 7 of the
                  | Dungeon)
 10643 | D:8      | XOM: mild Ice miscast
 10732 | D:8      | Killed Psyche
 11122 | D:8      | XOM: medium Pois miscast
 11200 | D:8      | Found Lyxzayn's Jewellery Shoppe.
 11329 | D:8      | Found a sparkling altar of Nemelex Xobeh.
 11430 | D:8      | Found a staircase to the Lair.
 11543 | D:9      | XOM: enchant monster (bad)
 11615 | D:9      | XOM: scenery: 2 doors open
 12012 | D:9      | Found a hide-covered altar of Uskayaw.
 12063 | D:9      | Reached XP level 11. HP: 50/87 MP: 16/16
 12259 | D:9      | Noticed a two-headed ogre
 12297 | D:8      | Killed a two-headed ogre
 12360 | D:8      | XOM: mild Tmut miscast
 12388 | D:8      | XOM: medium Air miscast
 12388 | D:8      | Was forgiven by Xom
 12835 | D:9      | Noticed Joseph
 12862 | D:9      | Killed Joseph
 12862 | D:9      | Reached skill level 5 in Evocations
 13437 | D:9      | Found a radiant altar of Vehumet.
 13643 | D:10     | Entered Level 10 of the Dungeon
 14323 | D:10     | Noticed a sea snake
 16264 | D:10     | Found a portal to a secret trove of treasure.
 16408 | Lair:1   | Entered Level 1 of the Lair of Beasts
 17164 | Lair:1   | Received a gift from Okawaru
 17164 | Lair:1   | Reached XP level 12. HP: 70/97 MP: 18/18
 17957 | Lair:2   | Noticed a death yak
 17958 | Lair:2   | Noticed a death yak
 17958 | Lair:2   | Noticed a death yak
 17958 | Lair:2   | Noticed a death yak
 17959 | Lair:2   | Noticed a death yak
 18075 | Lair:2   | Reached skill level 10 in Fighting
 19375 | Lair:2   | Noticed Fannar
 19393 | Lair:2   | Killed Fannar
 19393 | Lair:2   | Reached skill level 10 in Armour
 19639 | Lair:2   | Noticed a death yak
 19671 | Lair:1   | Killed a death yak
 19671 | Lair:1   | Reached skill level 10 in Invocations
 19769 | Lair:1   | Killed a death yak
 19871 | Lair:1   | Killed a death yak
 19871 | Lair:1   | Received a gift from Okawaru
 20141 | Lair:1   | Killed a death yak
 20372 | Lair:1   | Got an iridescent broad axe {god gift}
 20375 | Lair:1   | Identified the +11 broad axe of Tintui {venom, rN+}
                  | (Okawaru gifted it to you on level 1 of the Lair of Beasts)
 20391 | Lair:1   | Killed a death yak
 20554 | Lair:2   | Killed a death yak
 20852 | Lair:3   | Reached XP level 13. HP: 104/104 MP: 20/20
 20996 | Lair:3   | Reached skill level 10 in Axes
 22658 | Lair:3   | Reached ****** piety under Okawaru
 23181 | Lair:4   | Found a staircase to the Swamp.
 23320 | Lair:4   | Received a gift from Okawaru
 23470 | Lair:4   | Got an ichor-stained war axe {god gift}
 23477 | Lair:4   | Identified the +6 war axe of the Inquisitive Wishes {flame,
                  | Str+3 Stlth+} (Okawaru gifted it to you on level 4 of the
                  | Lair of Beasts)
 23510 | Lair:4   | Found a hole to the Spider Nest.
 24290 | Lair:4   | Noticed a seven-headed hydra
 24294 | Lair:4   | Killed a seven-headed hydra
 24480 | Lair:4   | Noticed a five-headed hydra
 24495 | Lair:4   | Killed a four-headed hydra
 25053 | Lair:5   | Noticed an eight-headed hydra
 25067 | Lair:5   | Killed a four-headed hydra
 25076 | Lair:5   | Received a gift from Okawaru
 25245 | Lair:5   | Reached XP level 14. HP: 109/113 MP: 20/22
 25998 | Lair:6   | Entered Level 6 of the Lair of Beasts
 26229 | Lair:6   | Reached skill level 10 in Evocations
 26231 | Lair:6   | Received a gift from Okawaru
 26450 | Lair:6   | Noticed Nessos
 26464 | Lair:6   | Killed Nessos
 27247 | Lair:6   | Noticed Kirke
 27259 | Lair:6   | Killed Kirke
 27259 | Lair:6   | Received a gift from Okawaru
 27994 | Lair:6   | Noticed Snorg
 28003 | Lair:6   | Killed Snorg
 28669 | Lair:6   | Reached XP level 15. HP: 112/121 MP: 22/24
 28819 | Lair:6   | Found a viscous altar of Jiyva.
 28819 | Lair:6   | Found a staircase to the Slime Pits.
 29705 | D:11     | Noticed Erica
 29712 | D:11     | Killed Erica
 30477 | D:12     | Received a gift from Okawaru
 30548 | D:12     | Found a hide-covered altar of Uskayaw.
 30650 | D:12     | Found a staircase to the Orcish Mines.
 31069 | D:13     | Reached skill level 1 in Shields
 31171 | D:13     | Found a frozen archway.
 31288 | IceCv    | Entered an ice cave
 32818 | IceCv    | Got a spiked shield
 32830 | IceCv    | Identified the +5 shield "Weynu" {Int+2} (You found it in
                  | an ice cave)
 33117 | D:13     | Received a gift from Okawaru
 33282 | D:13     | Noticed Urug
 33295 | D:13     | Killed Urug
 33453 | D:13     | Found a gateway to a bazaar.
 34069 | D:14     | Found the +3 giant club "Skullcrusher" {speed, Str+7}
 34144 | D:14     | Reached skill level 5 in Shields
 34147 | D:14     | Reached XP level 16. HP: 130/130 MP: 26/26
 34455 | D:14     | Noticed Louise
 34519 | Orc:1    | Entered Level 1 of the Orcish Mines
 34721 | Orc:1    | Received a gift from Okawaru
 35031 | Orc:2    | Entered Level 2 of the Orcish Mines
 35031 | Orc:2    | Noticed Sonja
 35120 | Orc:2    | Killed Sonja
 35311 | Orc:2    | Noticed Donald
 35324 | Orc:2    | Killed Donald
 35660 | Orc:2    | Noticed Erolcha
 35671 | Orc:2    | Killed Erolcha
 36388 | Orc:1    | Found a roughly hewn altar of Beogh.
 36595 | Orc:2    | Found a staircase to the Elven Halls.
 36844 | Orc:2    | Found Cimomept's Weapon Shoppe.
 36844 | Orc:2    | Found Rokkis's Armour Boutique.
 36846 | Orc:2    | Found Tetemeo's General Store.
 36846 | Orc:2    | Found Ownuod's Gadget Boutique.
 36860 | Orc:2    | Bought a lamp of fire for 560 gold pieces
 36864 | Orc:2    | Bought a scroll of identify for 28 gold pieces
 36865 | Orc:2    | Bought a wand of scattershot (4) for 264 gold pieces
 36865 | Orc:2    | Bought a wand of disintegration (12) for 176 gold pieces
 37168 | Spider:1 | Entered Level 1 of the Spider Nest
 38004 | Spider:1 | Received a gift from Okawaru
 38356 | Spider:1 | Got a polished ring mail
 38357 | Spider:1 | Identified the +3 ring mail of Classification {rN+ Stlth+}
                  | (You found it on level 1 of the Spider Nest)
 39616 | D:8      | Bought the ring of Hakoti {Wiz rElec MR+} for 694 gold
                  | pieces
 39708 | D:6      | Bought an embroidered scarf for 152 gold pieces
 40398 | Spider:2 | Reached skill level 15 in Invocations
 40437 | Spider:2 | Reached XP level 17. HP: 125/139 MP: 25/28
 40969 | Spider:3 | Noticed Arachne
 41604 | Spider:3 | Received a gift from Okawaru
 41612 | Spider:3 | Got a faintly humming shield {god gift}
 41665 | Spider:2 | Identified the +0 shield "Loeddeh" {rElec MR+++ Dex+2 SInv}
                  | (Okawaru gifted it to you on level 3 of the Spider Nest)
 42279 | Spider:3 | Reached skill level 15 in Fighting
 42672 | Spider:3 | Killed Arachne
 43230 | Spider:4 | Entered Level 4 of the Spider Nest
 43239 | Spider:3 | Received a gift from Okawaru
 44372 | Spider:4 | Received a gift from Okawaru
 44482 | Spider:4 | Reached XP level 18. HP: 112/148 MP: 24/30
 44678 | Spider:4 | Received a gift from Okawaru
 45200 | Spider:4 | Got a gossamer rune of Zot
 45514 | Swamp:1  | Entered Level 1 of the Swamp
 45804 | Swamp:1  | Cast into level 4 of the Abyss (a distortion unwield)
 45804 | Abyss:4  | Found a corrupted altar of Lugonu.
 45855 | Swamp:1  | Escaped the Abyss
 45901 | Swamp:1  | Found a runed door.
 47096 | Swamp:2  | Reached skill level 15 in Axes
 47886 | Swamp:3  | Received a gift from Okawaru
 48746 | Swamp:3  | Received a gift from Okawaru
 48755 | Swamp:3  | Got a pitted chain mail {god gift}
 48763 | Swamp:3  | Identified the +0 chain mail of Nasure {rN+ Str+3} (Okawaru
                  | gifted it to you on level 3 of the Swamp)
 49100 | Swamp:4  | Entered Level 4 of the Swamp
 49112 | Swamp:3  | Reached XP level 19. HP: 158/158 MP: 31/31
 49272 | Swamp:4  | Reached skill level 15 in Armour
 49440 | Swamp:4  | Noticed the 27-headed Lernaean hydra
 49801 | Swamp:4  | Killed the 18-headed Lernaean hydra
 50575 | Swamp:4  | Got a decaying rune of Zot
 50810 | Swamp:4  | Received a gift from Okawaru
 51733 | D:14     | Found Xipyrata's Weapon Shop.
 51771 | D:14     | Killed Louise
 51923 | D:14     | Got a serpentine golden ring
 51925 | D:14     | Identified the ring of Ephemeral Luck {+Blink Str+3 Int+2}
                  | (You found it on level 14 of the Dungeon)
 52202 | D:14     | Found a gate to the Vaults.
 52272 | Vaults:1 | Entered Level 1 of the Vaults
 52559 | Vaults:1 | Found a snail-covered altar of Cheibriados.
 53020 | Vaults:1 | Found Weem's Weapon Shop.
 53027 | Vaults:1 | Reached XP level 20. HP: 101/168 MP: 20/33
 53040 | Vaults:1 | HP: 6/168 [vault warden/bolt (19)]
 53058 | Vaults:1 | Received a gift from Okawaru
 53062 | Vaults:1 | Got a slimy chain mail {god gift}
 53065 | Vaults:1 | Identified the +1 chain mail of Curiosity {+Fly rPois Str-3
                  | Stlth+} (Okawaru gifted it to you on level 1 of the Vaults)
 54661 | Vaults:2 | Found Kojevah's Distillery.
 54669 | Vaults:2 | Bought a potion of heal wounds for 75 gold pieces
 55001 | Vaults:2 | Received a gift from Okawaru
 55002 | Vaults:2 | Found the +3 robe of Clouds {+Fly rElec}
 56793 | Vaults:3 | Reached XP level 21. HP: 149/177 MP: 30/34
 56805 | Vaults:3 | Received a gift from Okawaru
 57181 | Vaults:3 | Found a staircase to the Crypt.
 57672 | Vaults:3 | Noticed Margery
 58401 | Vaults:3 | Received a gift from Okawaru
 58764 | Vaults:3 | Killed Margery
 59172 | Vaults:3 | Found Yhaip's Distillery.
 59199 | Vaults:3 | Bought 2 potions of curing for 120 gold pieces
 59199 | Vaults:3 | Bought a potion of curing for 60 gold pieces
 59199 | Vaults:3 | Bought a potion of curing for 60 gold pieces
 60407 | Vaults:4 | Noticed Saint Roka
 60435 | Vaults:4 | Killed Saint Roka
 60560 | Vaults:4 | Received a gift from Okawaru
 60808 | Vaults:4 | Noticed Xtahua
 60815 | Vaults:4 | Killed Xtahua
 61064 | Vaults:4 | Reached XP level 22. HP: 143/186 MP: 25/35
 62091 | Vaults:4 | Received a gift from Okawaru
 63308 | D:15     | Entered Level 15 of the Dungeon
 63403 | D:15     | Found a runed gate.
 63403 | D:15     | Found a runed gate.
 63404 | D:15     | Found a runed gate.
 63416 | D:15     | Noticed BushDid911's ghost (adept HuFi)
 63421 | D:15     | Found a roughly hewn altar of Beogh.
 64125 | D:15     | Found a staircase to the Depths.
 64212 | Depths:1 | Entered Level 1 of the Depths
 64217 | Depths:1 | Found Teklous's Changing Room.
 64247 | Depths:1 | Found Pocil's Book Shoppe.
 64247 | Depths:1 | Found Citoysa's Weapon Emporium.
 64966 | Depths:1 | Received a gift from Okawaru
 64966 | Depths:1 | Reached skill level 10 in Shields
 65248 | Depths:1 | Found a one-way gate leading to the halls of Pandemonium.
 65452 | Depths:1 | Found a gateway to Hell.
 65606 | Depths:1 | Found a one-way gate to the infinite horrors of the Abyss.
 65996 | D:10     | You paid a toll of 14 potions of curing to enter a treasure
                  | trove
 65997 | Trove    | Entered a treasure trove
 66001 | Trove    | Found the +8 mithril axe "Arga" {speed, MR+}
 66010 | Trove    | Got a shimmering war axe
 66011 | Trove    | Identified the +4 war axe of Xiocwov {chop, -Tele rN+ Str+2
                  | Dex+2} (You found it in a treasure trove)
 66018 | Trove    | Got a shimmering battleaxe
 66019 | Trove    | Identified the +2 battleaxe "Guogg" {venom, rC+} (You found
                  | it in a treasure trove)
 66543 | Depths:2 | Reached XP level 23. HP: 163/195 MP: 28/36
 66701 | Depths:2 | Noticed a juggernaut
 66715 | Depths:2 | Killed a juggernaut
 66715 | Depths:2 | Received a gift from Okawaru
 66943 | Depths:2 | Noticed a golden dragon
 66959 | Depths:2 | Noticed a juggernaut
 66974 | Depths:2 | Killed a juggernaut
 67019 | Depths:2 | Killed a golden dragon
 67507 | Depths:2 | Received a gift from Okawaru
 68420 | Depths:2 | Cast into level 2 of the Abyss (tengu warrior)
 68564 | Abyss:4  | Found a corrupted altar of Lugonu.
 68821 | Abyss:4  | Received a gift from Okawaru
 68928 | Depths:2 | Escaped the Abyss
 69280 | Depths:2 | Reached XP level 24. HP: 178/206 MP: 30/36
 70668 | Depths:2 | Received a gift from Okawaru
 70690 | Depths:2 | Got a dazzling crystal plate armour {god gift}
 70695 | Depths:2 | Identified the +4 crystal plate armour of Ankuusite {rC+
                  | Int+4} (Okawaru gifted it to you on level 2 of the Depths)
 70787 | Depths:2 | Found a gateway to a ziggurat.
 70901 | Depths:3 | Noticed a caustic shrike
 70901 | Depths:3 | Noticed a caustic shrike
 70901 | Depths:3 | Noticed a caustic shrike
 70901 | Depths:3 | Noticed a caustic shrike
 70911 | Depths:3 | Killed a caustic shrike
 70913 | Depths:3 | Killed a caustic shrike
 70923 | Depths:3 | Killed a caustic shrike
 70927 | Depths:3 | Killed a caustic shrike
 71377 | Depths:3 | Noticed Frederick
 71395 | Depths:3 | Killed Frederick
 71435 | Depths:3 | Received a gift from Okawaru
 71920 | Depths:3 | Got a brightly glowing plate armour
 71922 | Depths:3 | Identified the +7 plate armour of Idealism {Int+2} (You
                  | found it on level 3 of the Depths)
 72774 | Depths:4 | Reached XP level 25. HP: 200/215 MP: 34/36
 72909 | Depths:4 | Received a gift from Okawaru
 73476 | Depths:1 | Bought a manual of Fighting for 1656 gold pieces
 73599 | Depths:4 | Identified a scroll of acquirement
 74190 | Depths:4 | Received a gift from Okawaru
 75526 | Depths:4 | Noticed a juggernaut
 75537 | Depths:4 | Killed a juggernaut
 75711 | Depths:4 | Reached skill level 15 in Evocations
 76456 | Depths:5 | Entered Level 5 of the Depths
 76456 | Depths:5 | Found a sacrificial altar of Ru.
 76700 | Depths:5 | Received a gift from Okawaru
 76710 | Depths:5 | Got a dazzling battleaxe {god gift}
 78464 | Elf:1    | Entered Level 1 of the Elven Halls
 78471 | Elf:1    | Received a gift from Okawaru
 78484 | Elf:1    | Reached XP level 26. HP: 226/226 MP: 36/36
 79134 | Elf:1    | Identified the Catalogue of Black Rituals
 81013 | Elf:2    | Found a gateway to a bazaar.
 81149 | Bazaar   | Entered a bazaar
 81149 | Bazaar   | Found Peutupt's Antique Weapon Boutique.
 81149 | Bazaar   | Found Renaaqut's Gadget Boutique.
 81167 | Bazaar   | Found Zygef's Magic Scroll Emporium.
 81178 | Bazaar   | Found Lufailo's Antique Armour Shop.
 81186 | Bazaar   | Found Taxoqut's General Store.
 81254 | Bazaar   | Bought 2 scrolls of enchant armour for 180 gold pieces
 81273 | Bazaar   | Bought a scroll of fear for 45 gold pieces
 81273 | Bazaar   | Bought a scroll of enchant weapon for 97 gold pieces
 81330 | Elf:2    | Found a huge runed gate.
 81330 | Elf:2    | Found a huge runed gate.
 81332 | Elf:2    | Found a huge runed gate.
 82116 | Elf:3    | Entered Level 3 of the Elven Halls
 82405 | Elf:3    | Received a gift from Okawaru
 83309 | Elf:3    | Received a gift from Okawaru
 83605 | Elf:3    | Identified the +3 battleaxe of Valiance {drain, MR+ Str+3
                  | Int+6 Dex-3} (Okawaru gifted it to you on level 5 of the
                  | Depths)
 83629 | Elf:3    | Got a shimmering lead ring
 83637 | Elf:3    | Got a faintly glowing amethyst amulet
 83641 | Elf:3    | Identified the ring of a Million Places {MP+9 Str+3} (You
                  | took it off a deep elf master archer on level 3 of the
                  | Elven Halls)
 83643 | Elf:3    | Identified the amulet of Divine Compulsion {Gourm Str+2}
                  | (You took it off a deep elf annihilator on level 3 of the
                  | Elven Halls)
 83649 | Elf:3    | Got a jewelled broad axe {god gift}
 83652 | Elf:3    | Identified the +1 broad axe "Miguoj" {chop, Fragile MR++
                  | Int+10} (Okawaru gifted it to you on level 3 of the Elven
                  | Halls)
 84225 | Elf:3    | Identified the Guide on Flight
 84706 | Slime:1  | Entered Level 1 of the Pits of Slime
 84751 | Slime:1  | Gained mutation: You are weak. (Str -2) [a shining eye]
 85080 | Slime:2  | Gained mutation: Your system is resistant to poisons.
                  | (rPois) [a shining eye]
 85081 | Slime:2  | Gained mutation: Scrolls take you a little longer to read.
                  | [a shining eye]
 85161 | Slime:1  | Reached XP level 27. HP: 199/240 MP: 29/36
 85290 | Slime:2  | Found a viscous altar of Jiyva.
 85859 | Slime:4  | Gained mutation: Armour fits poorly on your strangely
                  | shaped body. [a shining eye]
 85943 | Slime:4  | Gained mutation: Scrolls take you longer to read. [a
                  | shining eye]
 85948 | Slime:4  | Received a gift from Okawaru
 86023 | Slime:4  | Gained mutation: Scrolls take you much longer to read. [a
                  | shining eye]
 86024 | Slime:4  | Gained mutation: You do not regenerate when monsters are
                  | visible. [a shining eye]
 86031 | Slime:4  | Gained mutation: You are very weak. (Str -4) [a shining
                  | eye]
 86051 | Slime:5  | Entered Level 5 of the Pits of Slime
 86281 | Slime:5  | Gained mutation: You are dopey. (Int -2) [a shining eye]
 86284 | Slime:5  | Gained mutation: Your magical capacity is low. (-10% MP) [a
                  | shining eye]
 86285 | Slime:5  | Gained mutation: Your magical capacity is very low. (-20%
                  | MP) [a shining eye]
 86515 | Slime:5  | Gained mutation: You are clumsy. (Dex -2) [a shining eye]
 87149 | Slime:5  | Found a viscous altar of Jiyva.
 87227 | Slime:5  | Noticed the Royal Jelly
 87242 | Slime:5  | Killed the Royal Jelly
 87412 | Slime:5  | Got a slimy rune of Zot
 87427 | Slime:5  | Identified the Grimoire of Bewitching Stolen Souls
 87508 | Slime:5  | Lost mutation: Armour fits poorly on your strangely shaped
                  | body. [potion of mutation]
 87508 | Slime:5  | Lost mutation: You do not regenerate when monsters are
                  | visible. [potion of mutation]
 87508 | Slime:5  | Gained mutation: You expend magic power (3 MP) to
                  | strengthen your wands. [potion of mutation]
 87508 | Slime:5  | Gained mutation: Your flesh is cold resistant. (rC+)
                  | [potion of mutation]
 87534 | Slime:5  | Got an ancient plate armour
 87539 | Slime:5  | Identified the cursed +1 plate armour of Pandemonium {rF+}
                  | (You found it on level 5 of the Pits of Slime)
 88356 | Depths:5 | Found a gate to the Realm of Zot.
 88544 | Zot:1    | Entered Level 1 of the Realm of Zot
 88846 | Zot:1    | Noticed an orb of fire
 88861 | Zot:1    | Killed an orb of fire
 88861 | Zot:1    | Received a gift from Okawaru
 88921 | Zot:1    | Received a gift from Okawaru
 89809 | Zot:1    | Identified the Compendium of Creative Feathers
 90373 | Zot:1    | Identified the Tome of the Escort
 91902 | Zot:2    | Received a gift from Okawaru
 93126 | Zot:3    | Got a fine chain mail
 93130 | Zot:3    | Identified the cursed +0 chain mail of the Exiled Runes
                  | {rElec} (You found it on level 3 of the Realm of Zot)
 93697 | Zot:3    | Reached skill level 27 in Fighting
 94426 | Zot:4    | Received a gift from Okawaru
 94513 | Zot:4    | Got a pitted crystal plate armour {god gift}
 94522 | Zot:4    | Identified the +4 crystal plate armour "Runnudy" {+Blink
                  | rN+ Dex-5} (Okawaru gifted it to you on level 4 of the
                  | Realm of Zot)
 95288 | Zot:4    | Found a transporter.
 95290 | Zot:4    | Found a deep blue altar of Sif Muna.
 95292 | Zot:4    | Noticed an ancient lich
 95345 | Zot:4    | Noticed Flure's ghost (legendary DEFE)
 95346 | Zot:4    | Found a transporter.
 95348 | Zot:4    | Noticed an ancient lich
 95363 | Zot:4    | Found a transporter.
 95827 | Zot:5    | Entered Level 5 of the Realm of Zot
 95833 | Zot:5    | Got a pair of dazzling gloves
 95838 | Zot:5    | Identified the +1 pair of gloves of the Trombone {+Fly}
                  | (You found it on level 5 of the Realm of Zot)
 95954 | Zot:5    | Noticed an orb of fire
 95954 | Zot:5    | Noticed an orb of fire
 95954 | Zot:5    | Gained mutation: Your body sometimes deteriorates upon
                  | taking damage. [an orb of fire]
 96134 | Zot:5    | Gained mutation: Your magical capacity is extremely low.
                  | (-30% MP) [an orb of fire]
 96147 | Zot:5    | Killed an orb of fire
 96163 | Zot:5    | Killed an orb of fire
 96554 | Zot:5    | Received a gift from Okawaru
 96841 | Zot:5    | Noticed an ancient lich
 96857 | Zot:5    | Killed an ancient lich
 96933 | Zot:5    | Received a gift from Okawaru
 97067 | Zot:5    | Noticed an ancient lich
 97079 | Zot:5    | Killed an ancient lich
 97188 | Zot:5    | Got a pair of shimmering gloves {god gift}
 97193 | Zot:5    | Identified the +1 pair of gloves of Agir Fogg {rPois rC+
                  | Dex+3} (Okawaru gifted it to you on level 5 of the Realm of
                  | Zot)
 97248 | Zot:5    | Noticed an ancient lich
 97249 | Zot:5    | Noticed an orb of fire
 97249 | Zot:5    | Noticed an ancient lich
 97249 | Zot:5    | Noticed an ancient lich
 97264 | Zot:5    | Killed an ancient lich
 97274 | Zot:5    | Killed an orb of fire
 97291 | Zot:5    | Killed an ancient lich
 97298 | Zot:5    | Killed an ancient lich
 97451 | Zot:5    | Noticed an ancient lich
 97457 | Zot:5    | Killed an ancient lich
 97457 | Zot:5    | Received a gift from Okawaru
 97457 | Zot:5    | Reached skill level 27 in Axes
 97462 | Zot:5    | Noticed an ancient lich
 97471 | Zot:5    | Killed an ancient lich
 97483 | Zot:5    | Noticed an ancient lich
 97499 | Zot:5    | Noticed an ancient lich
 97503 | Zot:5    | Killed an ancient lich
 97519 | Zot:5    | Killed an ancient lich
 97519 | Zot:5    | Reached skill level 10 in Dodging
 97628 | Zot:5    | Noticed an orb of fire
 97642 | Zot:5    | Killed an orb of fire
 97646 | Zot:5    | Noticed an ancient lich
 97653 | Zot:5    | Killed an ancient lich
 97653 | Zot:5    | Received a gift from Okawaru
 97763 | Zot:5    | Noticed an ancient lich
 97809 | Zot:5    | Killed an ancient lich
 99150 | Zot:5    | Noticed an orb of fire
 99169 | Zot:5    | Killed an orb of fire
 99169 | Zot:5    | Received a gift from Okawaru
 99436 | Zot:5    | Got a pearl-encrusted crystal plate armour {god gift}
 99442 | Zot:5    | Identified the +3 crystal plate armour of the Ecumenical
                  | Temple {rF+ rCorr} (Okawaru gifted it to you on level 5 of
                  | the Realm of Zot)
 99721 | Zot:5    | Got the Orb of Zot
 99771 | Zot:5    | Noticed an ancient lich
 99791 | Zot:5    | Killed an ancient lich
 99855 | Zot:3    | Noticed Sifen the pandemonium lord
100537 | D:1      | Noticed Xitanupt the pandemonium lord
100572 | D:$      | Escaped with the Orb!

Skill      XL: |  1  2  3  4  5  6  7  8  9 10 11 12 13 14 15 16 17 18 19 20 21 22 23 24 25 26 27 |
---------------+----------------------------------------------------------------------------------+-----
Fighting       | 4 5 6 7 8 9 10 11 12 13 14 15 16 17 18 19 20 21 22 24 27 | 27.0
Armour         | 3 4 5 6 8 9 10 11 12 13 14 15 16 17 18 19 20 | 20.3
Dodging        | 2 3 4 5 6 8 14 | 14.5
Axes           | 4 5 6 7 8 9 10 11 12 13 14 15 16 17 18 19 20 21 27 | 27.0
Invocations    | 1 2 4 6 7 9 10 11 12 13 15 16 17 18 19 | 19.0
Evocations     | 2 4 6 8 9 10 11 13 14 15 16 | 16.4
Shields        | 5 8 9 10 | 10.0

Action                   |  1- 3 |  4- 6 |  7- 9 | 10-12 | 13-15 | 16-18 | 19-21 | 22-24 | 25-27 || total
-------------------------+-------+-------+-------+-------+-------+-------+-------+-------+-------++-------
Melee: Hand axe          |    13 |   226 |   671 |   877 |       |       |       |       |       ||  1787
       Punch             |       |       |     1 |     4 |       |       |       |       |       ||     5
       War axe           |       |       |       |   367 |    34 |    81 |    94 |       |       ||   576
       Broad axe         |       |       |       |    19 |   882 |  1033 |  1100 |  1122 |   155 ||  4311
       Battleaxe         |       |       |       |       |       |       |       |    12 |  2323 ||  2335
Invok: Heroism           |       |       |     2 |    11 |       |     6 |     9 |     6 |    19 ||    53
       Finesse           |       |       |       |     1 |       |     6 |     9 |     8 |    20 ||    44
 Abil: Dig               |       |       |       |     1 |     4 |     8 |       |       |     6 ||    19
Evoke: Wand              |       |       |       |     6 |    15 |    76 |     9 |    20 |    28 ||   154
       Lamp of fire      |       |       |       |       |       |     2 |     2 |     5 |    10 ||    19
       Lightning rod     |       |       |       |       |       |       |       |       |     3 ||     3
  Use: Scroll            |       |     2 |     7 |    10 |    11 |    18 |     3 |     7 |    26 ||    84
       Potion            |       |       |       |     5 |       |     2 |     8 |     8 |     8 ||    31
 Stab: Confused          |       |     1 |     1 |       |       |       |       |       |       ||     2
       Petrified         |       |       |     6 |       |       |       |       |       |       ||     6
       Paralysed         |       |       |     2 |       |     4 |    10 |       |     1 |       ||    17
       Petrifying        |       |       |     2 |       |       |       |       |       |       ||     2
       Distracted        |       |       |       |       |       |       |       |       |     2 ||     2
  Eat: Chunk             |       |     6 |     9 |    30 |    32 |    39 |    23 |    18 |    27 ||   184
       Ration            |       |       |     3 |     3 |     4 |     3 |     5 |     6 |    19 ||    43
Armor: Leather armour    |     2 |    71 |    37 |       |       |       |       |       |       ||   110
       Ring mail         |       |       |    74 |       |       |       |       |       |       ||    74
       Chain mail        |       |       |   103 |   311 |       |       |       |       |       ||   414
       Plate armour      |       |       |       |   349 |   679 |   581 |   507 |   286 |       ||  2402
       Crystal plate arm |       |       |       |       |       |       |       |   102 |  1246 ||  1348
Dodge: Dodged            |     6 |   148 |   468 |   905 |   682 |   544 |   480 |   335 |   619 ||  4187
Block: Shield            |       |       |       |       |    82 |   805 |   635 |   524 |   998 ||  3044
       Buckler           |       |       |       |       |    46 |       |       |       |       ||    46
       Reflection        |       |       |       |       |       |     3 |       |       |       ||     3
